 Dungeon Crawl Stone Soup version 0.26-a0-1049-g242049e08c (webtiles) character file.

Game seed: 3151105276360373900

42 KristoblXynda the Slasher (level 3, -1/30 HPs)
             Began as a Draconian Gladiator on Dec 12, 2020.
             Slain by Robin
             ... wielding a +0 mace
              (8 damage)
             ... on level 2 of the Dungeon.
             The game lasted 00:01:34 (894 turns).

KristoblXynda the Slasher (Draconian Gladiator)      Turns: 894, Time: 00:01:35

Health: -1/30      AC:  5    Str: 16    XL:     3   Next: 35%
Magic:  3/3        EV: 14    Int:  9    God:
Gold:   35         SH:  0    Dex: 18    Spells: 2/2 levels left

rFire    . . .     SeeInvis .   a - +0 long sword
rCold    . . .     Faith    .   (no shield)
rNeg     . . .     Spirit   .   (armour unavailable)
rPois    .         Reflect  .   b - +0 hat
rElec    .         Harm     .   (no cloak)
rCorr    .         Rampage  .   (no gloves)
Will     .....                  (no boots)
Stlth    ++........             (no amulet)
HPRegen  0.10/turn              e - +6 ring of dexterity
MPRegen  0.08/turn              (no ring)

@: no status effects
A: unfitting armour, cold-blooded, AC +5
a: no special abilities


You were on level 2 of the Dungeon.
You visited 1 branch of the dungeon, and saw 2 of its levels.

You collected 35 gold pieces.

Inventory:

Hand Weapons
 a - a +0 long sword (weapon)
Missiles
 c - 3 throwing nets (quivered)
Armour
 b - a +0 hat (worn)
Jewellery
 e - a +6 ring of dexterity (left hand)
Scrolls
 f - a scroll of teleportation {unknown}
 g - a scroll of amnesia {unknown}
 h - a scroll of remove curse {unknown}
Potions
 i - a potion of attraction {unknown}


   Skills:
 + Level 2.8 Fighting
 * Level 3.6 Long Blades
 - Level 2.0 Throwing
 + Level 3.1 Dodging


You had 2 spell levels left.
You didn't know any spells.
Your spell library was empty.

Dungeon Overview and Level Annotations

Branches:
Dungeon (2/15)

Altars:
Okawaru

Annotations:
D:2 Robin


Innate Abilities, Weirdness & Mutations

Your plain brown scales are hard. (AC +5)
You cannot fit into any form of body armour.
You are cold-blooded and may be slowed by cold attacks.


Message History

The goblin is heavily wounded.
You hit the goblin.
You kill the goblin!
The hobgoblin barely misses you.
You riposte.
You hit the hobgoblin but do no damage. The hobgoblin closely misses you.
You hit the hobgoblin.
The hobgoblin is lightly wounded.
The hobgoblin hits you with a +0 club!
* * * LOW HITPOINT WARNING * * *
Robin throws the goblin at you!
You slash the goblin!
You kill the goblin!
The hobgoblin barely misses you.
You riposte.
You hit the hobgoblin.
You kill the hobgoblin!
Robin throws the goblin at you! The goblin closely misses you.
Items here: )))) †††.
Unknown command.
It was a potion of cancellation.
You feel magically purged. Robin hits you with a +0 mace!
You die...

#.......# #.####### .#
#.# #.# # #.# #.##.##.
#.# #.#[... # #.#
#.#..# .# #>######
#....##.##.
#......#######.#.......
######....)g@g!......#
#########.#.....#
##...#.. ##w.# #..#
#.g# #.$# #g.# #g..


You could see a worm, Robin and a goblin (strong).

Vanquished Creatures
  A worm (D:2)
  2 dart slugs (D:1)
  2 giant cockroaches
  8 goblins (D:2)
  4 hobgoblins
  4 jackals (D:1)
  2 bats (D:1)
  A frilled lizard (D:2)
  3 kobolds (D:1)
  4 rats (D:1)
31 creatures vanquished.

Notes
Turn   | Place    | Note
-------+----------+-------------------------------------------
     0 | D:1      | KristoblXynda the Draconian Gladiator began the quest for
                  | the Orb.
     0 | D:1      | Reached XP level 1. HP: 17/17 MP: 1/1
   233 | D:1      | Reached XP level 2. HP: 25/25 MP: 2/2
   802 | D:2      | Reached XP level 3. HP: 30/30 MP: 3/3
   819 | D:2      | Found an iron altar of Okawaru.
   869 | D:2      | Noticed Robin
   894 | D:2      | Slain by Robin

Illustrated notes

Levels and vault maps discovered:
D:1:      dpeg_arrival_fog, layout_loops_ring
D:2:      layout_loops_ring, lemuel_crystal_altar, overflow_temple_1_default,
          uniq_natasha, uniq_robin

Skill      XL: |  1  2 |
---------------+-------+-----
Throwing       | 2 |  2.0
Dodging        | 3 |  3.1
Fighting       | |  2.8
Long Blades    | |  3.6

Action                   || total
-------------------------++-------
Melee: Long sword        ||    56
       Tailslap          ||    13
  Use: Potion            ||     1
Armor: Skin              ||    21
Dodge: Dodged            ||    47
       Rpst.: Long sword ||    18

Table legend: (Time is in decaauts)
 A = Elapsed time spent in this place.
 B = Non-inter-level travel time spent in this place.
 C = Inter-level travel time spent in this place.
 D = Time resting spent in this place.
 E = Time spent auto-exploring this place.
 F = Levels seen in this place.
 G = Mean time per level.
                   A        B        C        D        E       F      G
               +--------+--------+--------+--------+--------+-----+--------+
         Total |    907 |    874 |     33 |      0 |    697 |   2 |  453.5 |
       Dungeon |    907 |    874 |     33 |      0 |    697 |   2 |  453.5 |
               +--------+--------+--------+--------+--------+-----+--------+

Top non-repeatable levels by time:
     D:1: 732 daAuts
     D:2: 174 daAuts
